 Dungeon Crawl Stone Soup version 0.19-a0-1827-g174f941 (webtiles) character file.

155 dvd the Grave Robber (level 5, -1/36 HPs)
             Began as a Mummy Necromancer on Oct 7, 2016.
             Slain by a sky beast (6 damage)
             ... on level 3 of the Dungeon.
             The game lasted 00:09:58 (3584 turns).

dvd the Grave Robber (Mummy Necromancer)            Turns: 3584, Time: 00:09:59

Health: -1/36      AC:  6    Str: 11    XL:     5   Next: 14%
Magic:  0/9        EV:  9    Int: 16    God:
Gold:   107        SH:  0    Dex: 12    Spells: 2 memorised, 6 levels left

rFire  x . .     SeeInvis +     a - +0 whip
rCold  + + .     Gourm    .     j - +0 scale mail
rNeg   + + +     Faith    .     (no shield)
rPois  ∞         Spirit   +     (no helmet)
rElec  .         Dismiss  .     (no cloak)
rCorr  .         Reflect  .     (no gloves)
MR     .....     Harm     .     (no boots)
Stlth  ..........               w - amulet of guardian spirit
                                n - ring of protection from cold
                                i - ring of see invisible (curse)

@: no status effects
A: no food or potions, fire vulnerability, cold resistance 1, negative energy
resistance 3, torment resistance, unbreathing
a: no special abilities


You were on level 3 of the Dungeon.
You were not hungry.

You visited 1 branch of the dungeon, and saw 3 of its levels.

You collected 107 gold pieces.

Inventory:

Hand Weapons
 a - a +0 whip (weapon)
 b - a +0 hunting sling
 c - a +0 club
Missiles
 g - 40 sling bullets
Armour
 h - a +0 pair of gloves
 j - a +0 scale mail (worn)
 k - a +0 robe
Jewellery
 i - a cursed ring of see invisible (left hand)
 n - a ring of protection from cold (right hand)
 t - an uncursed ring of flight
 w - an amulet of guardian spirit (around neck)
Scrolls
 d - a scroll of enchant armour {unknown}
 e - 3 scrolls of identify {unknown}
 f - a scroll of teleportation {unknown}
 l - 2 scrolls of enchant weapon {unknown}
 m - a scroll of amnesia {unknown}
 o - a scroll of random uselessness {unknown}
 p - 2 scrolls of noise {unknown}
 r - a scroll of immolation {unknown}
 s - 2 scrolls of remove curse {unknown}
 u - a scroll of recharging {unknown}
 v - 3 scrolls of magic mapping {unknown}
Books
 q - a book of Necromancy

   Spells                             Type                      Level
   a - Pain                           Necromancy                   1
   b - Animate Skeleton               Necromancy                   1
   c - Vampiric Draining              Necromancy                   3
   d - Regeneration                   Charms/Necromancy            3
   e - Animate Dead                   Necromancy                   4
   f - Control Undead                 Necromancy                   4


   Skills:
 + Level 0.6 Fighting
 + Level 0.4 Maces & Flails
 + Level 0.1 Slings
 + Level 0.4 Armour
 + Level 2.0 Dodging
 + Level 1.8 Stealth
 + Level 3.3 Spellcasting
 + Level 5.0 Necromancy


You had 6 spell levels left.
You knew the following spells:

 Your Spells              Type           Power        Failure   Level  Hunger
a - Pain                  Necr           ###.         17%         1    N/A
b - Vampiric Draining     Necr           ###.......   50%         3    N/A

Dungeon Overview and Level Annotations

Branches:
Dungeon (3/15)

Altars:
Makhleb
Nemelex Xobeh
Vehumet


Innate Abilities, Weirdness & Mutations

You do not eat or drink.
Your flesh is vulnerable to fire.
You are immune to poison.
Your flesh is cold resistant. (rC+)
You are immune to negative energy. (rN+++)
You are immune to unholy pain and torment.
You can survive without breathing.


Message History

The sky beast barely resists.
The sky beast hits you. The sky beast shocks you.
* * * LOW HITPOINT WARNING * * *
Your scale mail prevents you from hitting the sky beast.
The sky beast is severely wounded.
The sky beast hits you but does no damage.
You closely miss the sky beast.
The sky beast is severely wounded.
The sky beast hits you but does no damage.
You miss the sky beast.
The sky beast is severely wounded.
The sky beast hits you but does no damage.
Casting: Pain
Confirm with . or Enter, or press ? or * to list all spells.
Aiming: Pain
Press: ? - help, Shift-Dir - straight line, f/p - sky beast
Aim: a sky beast (heavily wounded, chance to defeat MR: 78%)
The sky beast writhes in agony!
The sky beast hits you.
* * * LOW HITPOINT WARNING * * *
The sky beast shocks you.
You die...

.. #..... #. #.....
#.##..... ..#.....
#.###### ..# # #.# #
#################.#####
#.....@Y...............
#.###############..#[..
#.# ##.#... #.# #.#...
#)# #.#... #.# #.....
####[##### ##....
#........# #....
#........# #..##


You could see a sky beast.

Vanquished Creatures
  An orc wizard (D:3)
  3 adders
  2 worms (D:3)
  2 leopard geckos (D:1)
  4 orcs (D:3)
  3 ball pythons
  4 giant cockroaches
  10 goblins
  11 hobgoblins
  9 jackals
  5 kobolds
  13 bats
  6 frilled lizards
  9 rats
  A plant (D:2)
83 creatures vanquished.

Notes
Turn   | Place    | Note
-------+----------+-------------------------------------------
     0 | D:1      | dvd the Mummy Necromancer began the quest for the Orb.
     0 | D:1      | Reached XP level 1. HP: 13/13 MP: 3/3
   113 | D:1      | Reached XP level 2. HP: 12/19 MP: 1/5
   765 | D:1      | Reached XP level 3. HP: 24/24 MP: 4/6
  1135 | D:1      | Learned a level 3 spell: Vampiric Draining
  1656 | D:2      | Found a radiant altar of Vehumet.
  1675 | D:2      | Found a burning altar of Makhleb.
  1778 | D:2      | Reached XP level 4. HP: 30/30 MP: 4/8
  3268 | D:3      | Reached skill level 5 in Necromancy
  3268 | D:3      | Reached XP level 5. HP: 20/36 MP: 0/9
  3416 | D:3      | Found a sparkling altar of Nemelex Xobeh.
  3467 | D:3      | Noticed a sky beast
  3584 | D:3      | Slain by a sky beast

Vault maps used:
D:1:      roderic_dead_forest, minmay_tetromino_i2
D:2:      vehumet_crystals, lemuel_round_altar, serial_forest,
          infiniplex_forest_clump_long, infiniplex_forest_clump_double,
          infiniplex_forest_straight_2, infiniplex_forest_clump_small,
          infiniplex_forest_end_2, infiniplex_forest_zigzag_2,
          infiniplex_forest_clump_long, infiniplex_forest_end_3,
          grunt_ministairs_8, st_stairs_5
D:3:      first_bread, nemelex_spade_bored_becter

Skill      XL: |  1  2  3  4 |
---------------+-------------+-----
Spellcasting   | 3 |  3.3
Dodging        | 2 |  2.0
Necromancy     | 5 |  5.0
Fighting       | |  0.6
Maces & Flails | |  0.4
Slings         | |  0.1
Armour         | |  0.4
Stealth        | |  1.8

Action                   |  1- 3 |  4- 6 || total
-------------------------+-------+-------++-------
Melee: Club              |    30 |       ||    30
       Whip              |    28 |   177 ||   205
 Fire: Hunting sling     |     4 |       ||     4
 Cast: Pain              |    61 |    65 ||   126
Armor: Robe              |     4 |       ||     4
       Scale mail        |    24 |    55 ||    79
Dodge: Dodged            |    35 |    61 ||    96
